Map: Deathaura LE

Players

qqq - Winner!

  • Race: Zerg Zerg
  • League: Platinum
  • Spawn Location: 5:00

Massa

  • Race: Terran Terran
  • League: Platinum
  • Spawn Location: 11:00

VOD

Have the link to the VOD?

Description

Time

  • Played on: Nov. 29, 2020, 11:48 a.m.
  • Length: 16:16
Show
View Real Time Build Order
Export as new Build Order

qqq Zerg - Winner!

Build Orders: Hatch First 

Get SALT Encoding   

  12  0:01  Drone  
  13  0:08  Drone  
  14  0:18  Overlord  
  14  0:44  Extractor  
  14  0:46  Hatchery  
  12  1:01  Spawning Pool  
  12  1:04  Drone  
  12  1:09  Drone  
  13  1:14  Drone  
  14  1:22  Drone  
  15  1:27  Drone  
  16  1:33  Extractor  
  16  1:37  Drone  
  16  1:49  Lair  
  16  1:53  Drone  
  17  1:58  Drone  
  18  2:05  Drone  
  19  2:18  Drone  
  19  2:19  Drone  
  19  2:21  Drone  
  22  2:23  Drone  
  23  2:35  Queen  
  25  2:49  Infestation Pit  
  25  2:51  Drone x2  
  25  2:53  Overlord  
  25  2:56  Drone  
  27  2:59  Drone  
  28  3:06  Overlord  
  28  3:12  Drone  
  29  3:15  Drone  
  30  3:26  Hive  
  30  3:28  Drone x2  
  30  3:32  Extractor  
  30  3:33  Extractor  
  30  3:38  Overlord  
  30  3:41  Overlord  
  30  3:42  Drone  
  30  3:45  Drone  
  32  3:55  Spine Crawler  
  31  4:02  Spine Crawler  
  30  4:05  Drone  
  30  4:08  Drone  
  30  4:09  Drone  
  33  4:10  Spine Crawler  
  33  4:15  Drone  
  33  4:17  Drone  
  33  4:19  Drone  
  33  4:23  Drone  
  36  4:45  Ultralisk Cavern  
  35  4:48  Drone x2  
  35  4:50  Queen  
  35  4:51  Spine Crawler  
  35  4:52  Drone  
  39  4:54  Drone  
  40  5:01  Overlord  
  40  5:11  Drone x2  
  42  5:28  Queen  
  44  5:40  Ultralisk  
  44  5:42  Ultralisk  
  56  5:50  Overlord  
  56  5:53  Overlord x2  
  56  5:54  Drone  
  56  5:55  Overlord  
  51  6:40  Anabolic Synthesis  
  51  6:43  Ultralisk  
  51  6:44  Ultralisk  
  51  6:45  Ultralisk  
  69  6:54  Ultralisk  
  69  7:05  Ultralisk  
  75  7:09  Drone x2  
  77  7:23  Chitinous Plating  
  77  7:40  Overseer  
  65  8:37  Ultralisk x2  
  65  8:38  Ultralisk  
  65  8:39  Ultralisk  
  65  8:40  Ultralisk  
  89  8:58  Overlord  
  89  8:59  Overlord x2  
  89  9:08  Burrow  
  89  9:37  Ultralisk x3  
  89  9:38  Ultralisk  
  107  10:16  Overseer  
  107  10:42  Overseer x2  
  107  10:54  Pneumatized Carapace  
  107  11:00  Spore Crawler  
  106  11:34  Ultralisk  
  106  12:01  Overlord x4  
  106  12:02  Overlord x2  
  106  12:05  Ultralisk  
  106  12:12  Ultralisk  
  106  12:14  Ultralisk x3  
  106  12:25  Ultralisk x2  
  106  12:26  Ultralisk  
  106  12:44  Ultralisk x7  
  100  13:16  Ultralisk x2  
  100  13:17  Ultralisk  
  100  13:18  Ultralisk  
  100  13:19  Ultralisk x2  
  118  13:56  Ultralisk x5  
  112  14:29  Ultralisk x2  
  112  14:30  Ultralisk  
  106  14:52  Ultralisk x2  
  106  15:00  Overseer  
  76  15:19  Ultralisk x3  
  76  15:22  Ultralisk x3  
  76  15:24  Overseer x3  
  94  15:37  Queen  
  94  15:39  Queen  
Show
View Real Time Build Order
Export as new Build Order

Massa Terran 

Build Orders:  

Get SALT Encoding   

  12  0:00  SCV  
  13  0:12  SCV  
  14  0:22  Supply Depot  
  14  0:24  SCV  
  15  0:44  Refinery, SCV  
  15  0:45  Barracks  
  16  0:56  SCV  
  17  0:59  Refinery  
  17  1:08  SCV  
  18  1:20  SCV  
  19  1:32  Orbital Command  
  19  1:35  Factory  
  19  1:40  Barracks Tech Lab  
  19  2:03  SCV  
  20  2:15  SCV  
  21  2:22  Armory  
  21  2:31  Supply Depot  
  21  2:32  Supply Depot  
  21  2:36  Supply Depot  
  21  2:40  SCV  
  22  2:49  Command Center  
  22  2:57  SCV  
  23  3:12  Thor  
  29  3:23  SCV  
  30  3:35  SCV  
  30  3:36  Starport  
  31  3:43  Barracks Reactor  
  31  3:47  SCV  
  32  3:51  Ghost Academy  
  32  3:54  Thor  
  38  4:05  Orbital Command  
  38  4:06  SCV  
  39  4:13  Medivac  
  41  4:18  SCV  
  42  4:30  SCV  
  43  4:31  Engineering Bay  
  43  4:39  Barracks Tech Lab  
  43  4:42  Refinery, SCV x2  
  43  4:45  Refinery  
  45  4:53  Thor  
  45  4:54  SCV x2  
  53  5:12  Supply Depot  
  53  5:35  Supply Depot  
  53  5:48  Ghost  
  55  5:51  Personal Cloaking  
  55  5:59  Supply Depot  
  55  6:17  Ghost  
  57  6:19  SCV  
  57  6:20  SCV  
  57  6:23  Command Center, Supply Depot  
  59  6:25  Command Center  
  59  6:32  SCV x2  
  61  6:44  SCV x2  
  63  7:01  Thor  
  69  7:27  Command Center  
  69  7:33  Command Center  
  69  7:44  Thor  
  69  7:46  Orbital Command  
  69  7:48  SCV x3  
  78  8:00  SCV x3  
  81  8:12  SCV x3  
  84  8:24  SCV x3  
  75  8:36  SCV x3  
  78  8:44  SCV  
  78  8:47  Orbital Command  
  79  8:48  SCV  
  79  8:49  SCV x2, Orbital Command  
  79  8:53  Ghost  
  84  8:57  Thor  
  90  9:02  Refinery  
  90  9:03  Refinery  
  90  9:05  Factory  
  90  9:07  Factory  
  90  9:15  Smart Servos  
  90  9:21  Ghost  
  90  9:23  SCV x4  
  90  9:24  SCV  
  97  9:35  SCV x3  
  97  9:36  Refinery  
  100  9:50  Ghost  
  84  10:18  Ghost  
  80  10:47  Ghost  
  82  10:55  Factory Tech Lab x2  
  82  11:00  Orbital Command  
  82  11:03  SCV x5  
  87  11:15  SCV x3, Ghost  
  87  11:17  Thor x2  
  87  11:18  Thor  
  110  11:43  Command Center  
  110  11:44  Ghost  
  110  11:46  Command Center  
  112  11:57  Factory  
  112  11:58  Factory  
  112  12:00  Thor x2  
  112  12:01  Thor  
  130  12:04  Command Center  
  130  12:06  Command Center  
  130  12:08  Medivac x2  
  134  12:18  Refinery  
  134  12:20  Refinery  
  134  12:22  Factory  
  134  12:24  Factory  
  134  12:30  Refinery  
  134  12:38  Medivac x2  
  134  12:43  Thor x2  
  150  13:02  Factory Tech Lab x2  
  150  13:03  Thor  
  156  13:26  Thor x2  
  126  14:05  Thor x3  
  126  14:07  Factory Tech Lab x2  
  126  14:09  Orbital Command, Thor x2  
  156  14:10  Orbital Command  
  156  14:12  Orbital Command  
  156  14:13  Orbital Command  
  156  14:17  Ghost  
  156  14:23  Barracks  
  158  14:25  Command Center  
  158  14:31  Drilling Claws, Ghost Academy  
  158  14:32  Ghost Academy  
  158  14:36  Infernal Pre-Igniter  
  158  14:46  Ghost  
  158  14:48  Thor  
  158  14:50  Nuke  
  166  15:00  Ghost Academy  
  166  15:01  Ghost Academy  
  166  15:02  Nuke, Ghost Academy  
  166  15:04  Ghost Academy  
  142  15:14  Ghost  
  134  15:43  Ghost  
Tags
 
Matchup
TvZ
Replay Pack
Multiplayer
Spawn Locations
Cross Positions
Add a new tag
Caveats
  • Supply blocks, unpowered buildings, or Contaminate may cause inaccurate times.
  • Supply counts are checked every 10 seconds.